 Dungeon Crawl Stone Soup version 0.26-a0-8-gc4d20be (webtiles) character file.

Game seed: 4104692832482380513, levelgen mode: deterministic

680 Firecrotchwizard the Skirmisher (level 7, -9/117 HPs)
             Began as an Ogre Berserker on May 24, 2020.
             Was a Priest of Trog.
             Mangled by an ogre
             ... wielding a +0 giant club
              (17 damage)
             ... on level 5 of the Dungeon.
             The game lasted 00:07:16 (5227 turns).

Firecrotchwizard the Skirmisher (Ogre Berserker)    Turns: 5227, Time: 00:07:16

Health: -9/117     AC:  5    Str: 24    XL:     7   Next: 60%
Magic:  16/16      EV: 10    Int:  8    God:    Trog [***...]
Gold:   168        SH:  0    Dex:  8    Spells: 6/6 levels left

rFire    . . .     SeeInvis .   a - +1 mace
rCold    . . .     Gourm    .   (no shield)
rNeg     . . .     Faith    .   b - +0 animal skin
rPois    .         Spirit   .   (helmet restricted)
rElec    .         Reflect  .   n - +1 cloak
rCorr    .         Harm     .   (gloves unavailable)
MR       ++...                  (boots unavailable)
Stlth    ..........             (no amulet)
HPRegen  1.29/turn              o - ring of magical power {MP+9}
MPRegen  0.15/turn              (no ring)

@: berserking, regenerating, very quick
A: large, unfitting armour, tough skin 1
a: Berserk, Trog's Hand, Renounce Religion


You were on level 5 of the Dungeon.
You worshipped Trog.
Trog was most pleased with you.
You were very hungry.

You visited 1 branch of the dungeon, and saw 7 of its levels.

You collected 168 gold pieces.

Inventory:

Hand Weapons
 a - a +1 mace (weapon)
 p - a +0 giant club
   (You took it off an ogre on level 4 of the Dungeon)
Armour
 b - a +0 animal skin (worn)
 n - a +1 cloak (worn)
   (You found it on level 2 of the Dungeon)
 v - a +0 kite shield
   (You found it on level 3 of the Dungeon)
Jewellery
 o - a ring of magical power (left hand) {MP+9}
   (You found it on level 2 of the Dungeon)
 u - an uncursed ring of positive energy {unknown}
   (You found it on level 3 of the Dungeon)
Scrolls
 d - 2 scrolls of teleportation
 e - 3 scrolls of remove curse
 f - a scroll of fear
 h - 7 scrolls of identify
 k - 2 scrolls of random uselessness
Potions
 g - 2 potions of flight {unknown}
 i - 2 potions of mutation {unknown}
 j - 5 potions of curing
 l - a potion of heal wounds {unknown}
 m - 2 potions of invisibility {unknown}
 s - a potion of might {unknown}
Comestibles
 c - 9 rations
 q - 5 chunks of flesh {@w0}


   Skills:
 + Level 7.2 Fighting
 * Level 6.6 Maces & Flails
 - Level 2.6 Dodging


You had 6 spell levels left.
You didn't know any spells.
Your spell library was empty.

Dungeon Overview and Level Annotations

Branches:
Dungeon (7/15)
 Temple: D:4-7

Altars:
Dithmenos
Ru

Annotations:
D:3 3 runed translucent doors, wint3r's ghost, amateur GrFE


Innate Abilities, Weirdness & Mutations

You are too large for most types of armour.
You have tough skin. (AC +1)


Message History

a +0 short sword; an orc corpse You sock the jelly!
Your hands burn!
The jelly hits you but does no damage. The orc hits you with a +0 club.
You take 10 damage, and have 64/78 hp.
You sock the jelly!
You kill the jelly!
Trog accepts your kill. The orc barely misses you.
You closely miss the orc. The orc hits you with a +0 club.
The orc hits you with a +0 whip.
You take 2 damage, and have 62/78 hp.
You barely miss the orc. The orc hits you with a +0 whip.
The orc hits you but does no damage.
You take 3 damage, and have 59/78 hp.
You sock the orc!
You kill the orc!
Trog accepts your kill. The orc closely misses you.
You completely miss the orc. The orc closely misses you.
Some of the chunks of flesh in your inventory have rotted away.
You sock the orc!
You kill the orc!
Trog accepts your kill.
No target in view!
You start resting.
All of the chunks of flesh in your inventory have rotted away.
Health restored: 78 You butcher the orc corpse.
q - 2 chunks of flesh {@w0}
Things that are here:
a +0 short sword; an orc skeleton
Things that are here:
a +0 short sword; an orc skeleton
Things that are here:
a +0 club; a +0 leather armour
Things that are here:
a +0 whip; a +0 leather armour; an orc corpse You butcher the orc corpse.
q - 5 chunks of flesh {@w0} (gained 3)
Things that are here:
a +0 whip; a +0 leather armour; an orc skeleton
Things that are here:
a +0 whip; a +0 leather armour; an orc skeleton
Things that are here:
a +0 short sword; an orc skeleton
Things that are here:
a +0 club; 3 boomerangs
Things that are here:
a +0 whip; a +0 leather armour; an orc skeleton
Things that are here:
a +0 club; a +0 leather armour
Found a stone staircase leading down.
There is a stone staircase leading down here.
A leopard gecko comes into view.
The leopard gecko closely misses you. x2
You hit the leopard gecko. The leopard gecko misses you.
You thump the leopard gecko!
You kill the leopard gecko!
Trog accepts your kill.
No target in view!
Found a stone staircase leading down.
Found a stone staircase leading up.
(D) Dungeon
Where to? (Enter - D:4, ? - help)
There is a stone staircase leading up here.
You climb upwards.
There is a stone staircase leading down here.
c - 9 rations (gained 1)
An ogre comes into view. It is wielding a +0 giant club.
The ogre shouts!
An adder comes into view.
The adder hisses angrily.
An adder comes into view.
The adder hisses angrily.
You hit the ogre.
The ogre hits you with a +0 giant club!!
You take 27 damage, and have 51/78 hp.
MASSIVE DAMAGE!!
You thump the ogre! The ogre barely misses you.
You barely miss the ogre.
A quokka zombie comes into view.
The ogre hits you with a +0 giant club!!
* * * LOW HITPOINT WARNING * * *
You hear a bark!
You take 29 damage, and have 22/78 hp.
MASSIVE DAMAGE!!
Your skin crawls.
You feel resistant to hostile enchantments.
You are feeling hungry.
A hound comes into view.
A red film seems to cover your vision as you go berserk!
You feel yourself moving faster!
You feel mighty!
You are feeling very hungry.
The adder barely misses you.
The ogre hits you with a +0 giant club!!
* * * LOW HITPOINT WARNING * * *
You now have 7/117 hp.
You hit the ogre. The adder closely misses you.
The ogre hits you with a +0 giant club!
You die...

.. .. .. .####.
..# ..#...##h.#
.....#.Z#
....... #
#.(...##.#
##..#...#.##
#SO.#......#
#@S...>....#
####....(....#
##..........###
##...........#
#............#
##........#.##
#.....######
##.#.## #####


You could see an ogre, a hound, 2 adders and a quokka zombie.

Vanquished Creatures
  Menkaure (D:4)
  An ogre (D:4)
  A centaur (D:4)
  A howler monkey (D:4)
  2 crimson imps (D:7)
  A jelly (D:6)
  A worker ant (D:4)
  A hound skeleton (D:4)
  A worker ant zombie (D:7)
  5 gnolls (D:4)
  A howler monkey skeleton (D:4)
  7 adders
  An ooze (D:1)
  An adder skeleton (D:4)
  2 worms
  2 dart slugs
  A leopard gecko (D:6)
  6 orcs
  A giant cockroach (D:2)
  11 goblins
  7 hobgoblins
  5 jackals
  8 kobolds
  A quokka (D:4)
  A ball python (D:2)
  10 bats
  6 frilled lizards
  4 rats
90 creatures vanquished.

Notes
Turn   | Place    | Note
-------+----------+-------------------------------------------
     0 | D:1      | Firecrotchwizard the Ogre Berserker began the quest for the
                  | Orb.
     0 | D:1      | Reached XP level 1. HP: 24/24 MP: 1/1
   122 | D:1      | Reached skill level 3 in Maces & Flails
   122 | D:1      | Reached XP level 2. HP: 25/32 MP: 2/2
  1247 | D:2      | Reached XP level 3. HP: 38/40 MP: 3/3
  1442 | D:2      | Reached ** piety under Trog
  2016 | D:2      | Reached XP level 4. HP: 48/49 MP: 4/4
  2150 | D:2      | Reached skill level 4 in Maces & Flails
  2151 | D:2      | Reached skill level 5 in Fighting
  2577 | D:3      | Found a sacrificial altar of Ru.
  2838 | D:3      | Found a runed translucent gate.
  2838 | D:3      | Found a runed translucent gate.
  2838 | D:3      | Found a runed translucent gate.
  2870 | D:3      | Noticed wint3r's ghost (amateur GrFE)
  3169 | D:3      | Reached XP level 5. HP: 57/57 MP: 5/5
  3403 | D:4      | Noticed a centaur
  3419 | D:4      | Killed a centaur
  3419 | D:4      | Reached skill level 5 in Maces & Flails
  3595 | D:4      | Reached XP level 6. HP: 60/67 MP: 6/6
  3691 | D:4      | Noticed Menkaure
  3702 | D:4      | Killed Menkaure
  3702 | D:4      | Reached skill level 6 in Fighting
  3864 | D:4      | Reached skill level 6 in Maces & Flails
  3864 | D:4      | Reached XP level 7. HP: 28/76 MP: 7/7
  4742 | D:4      | Found a shadowy altar of Dithmenos.
  4832 | D:4      | Reached *** piety under Trog
  4967 | D:4      | You fall into a shaft and drop 3 floors!
  4978 | D:7      | Reached skill level 7 in Fighting
  5201 | D:5      | Entered Level 5 of the Dungeon
  5226 | D:5      | HP: 7/117 [ogre/+0 giant club (29)]
  5227 | D:5      | Mangled by an ogre

Illustrated notes

Levels and vault maps discovered:
D:1:      dpeg_arrival_boxes_within_box, layout_basic
D:2:      layout_loops_ring, minmay_goblin_kobold_house
D:3:      layout_basic, gammafunk_ghost_icy, first_ration,
          nicolae_ru_awakened_eye
D:4:      layout_basic, kennysheep_mini, nicolae_dithmenos_shadow_blocks,
          uniq_menkaure
D:5:      layout_cave_pools, minmay_temple_entry_junction, st_stairs_1,
          uniq_eustachio, uniq_pikel
D:6:      layout_loops_corners, kennysheep_mini_moat, uniq_sigmund
D:7:      layout_basic, uniq_maggie, uniq_prince_ribbit1

Skill      XL: |  1  2  3  4  5  6  7 |
---------------+----------------------+-----
Maces & Flails | 3 4 5 6 |  6.6
Fighting       | 5 6 7 |  7.2
Dodging        | |  2.6

Action                   |  1- 3 |  4- 6 |  7- 9 || total
-------------------------+-------+-------+-------++-------
Melee: Mace              |    87 |   131 |   108 ||   326
Invok: Berserk           |       |     3 |     2 ||     5
       Trog's Hand       |       |     2 |     1 ||     3
  Use: Scroll            |       |     8 |     1 ||     9
 Stab: Sleeping          |     1 |       |       ||     1
  Eat: Chunk             |     3 |     6 |     5 ||    14
       Ration            |       |     1 |       ||     1
Armor: Animal skin       |    28 |    49 |    26 ||   103
Dodge: Dodged            |    58 |   107 |    62 ||   227

Table legend:
 A = Non-vault XP
 B = Vault XP
 C = Vault XP percentage of total XP
 D = Non-vault monster count
 E = Vault monster count
 F = Vault count percentage of total count
                 A         B        C        D         E       F
            +---------+---------+-------+---------+---------+-------
      Total |     790 |     182 |  18.7 |      84 |       6 |   6.7
            +---------+---------+-------+---------+---------+-------
        D:1 |      24 |       0 |   0.0 |      12 |       0 |   0.0
        D:2 |      91 |      10 |   9.9 |      25 |       5 |  16.7
        D:3 |      53 |       0 |   0.0 |      18 |       0 |   0.0
        D:4 |     459 |     172 |  27.3 |      20 |       1 |   4.8
        D:6 |      55 |       0 |   0.0 |       6 |       0 |   0.0
        D:7 |     108 |       0 |   0.0 |       3 |       0 |   0.0
            +---------+---------+-------+---------+---------+-------

Levels and vault maps discovered:
D:1:      dpeg_arrival_boxes_within_box, layout_basic
D:2:      layout_loops_ring, minmay_goblin_kobold_house
D:3:      layout_basic, gammafunk_ghost_icy, first_ration,
          nicolae_ru_awakened_eye
D:4:      layout_basic, kennysheep_mini, nicolae_dithmenos_shadow_blocks,
          uniq_menkaure
D:5:      layout_cave_pools, minmay_temple_entry_junction, st_stairs_1,
          uniq_eustachio, uniq_pikel
D:6:      layout_loops_corners, kennysheep_mini_moat, uniq_sigmund
D:7:      layout_basic, uniq_maggie, uniq_prince_ribbit1

Table legend:
 A = Turns spent in this place as a percentage of turns spent in the entire game.
 B = Non-inter-level travel turns spent in this place as a percentage of non-inter-level travel turns spent in the entire game.
 C = Inter-level travel turns spent in this place as a percentage of turns spent in this place.
 D = Turns resting spent in this place as a percentage of non-inter-level travel turns spent in this place.
 E = Turns spent auto-exploring this place as a percentage of non-inter-level travel turns spent in this place.
 F = Non-inter-level travel turns spent in this place divided by the number of levels of this place that you've seen.
                   A       B       C       D       E      F
               +-------+-------+-------+-------+-------+----------------------
         Total | 100.0 | 100.0 |   2.3 |  32.3 |  52.6 | 729.6
       Dungeon | 100.0 | 100.0 |   2.3 |  32.3 |  52.6 | 729.6
               +-------+-------+-------+-------+-------+----------------------

Table legend:
 A = Kills in this place as a percentage of kills in entire the game.
 B = Kills by you in this place as a percentage of kills by you in the entire game.
 C = Kills by friends in this place as a percentage of kills by friends in the entire game.
 D = Other kills in this place as a percentage of other kills in the entire game.
 E = Experience gained in this place as a percentage of experience gained in the entire game.
 F = Experience gained in this place divided by the number of levels of this place that you have seen.
                   A       B       C       D       E      F
               +-------+-------+-------+-------+-------+----------------------
         Total | 100.0 | 100.0 |   N/A |   N/A | 100.0 | 138.9
       Dungeon | 100.0 | 100.0 |   N/A |   N/A | 100.0 | 138.9
               +-------+-------+-------+-------+-------+----------------------
